 Dungeon Crawl Stone Soup version 0.23.2-30-g0e89c35649 (webtiles) character file.

Game seed: 6291443576987962963

165 Mrkan the Shield-Bearer (level 5, -1/33 HPs)
             Began as a Gargoyle Fighter on June 23, 2019.
             Was an Initiate of Ru.
             Slain by a kobold
             ... wielding a +0 rapier
              (2 damage)
             ... on level 3 of the Dungeon.
             The game lasted 00:03:40 (1955 turns).

Mrkan the Shield-Bearer (Gargoyle Fighter)          Turns: 1955, Time: 00:03:41

Health: -1/33      AC: 10    Str: 20    XL:     5   Next: 46%
Magic:  5/5        EV:  7    Int:  8    God:    Ru [......]
Gold:   107        SH:  9    Dex: 10    Spells: 4/4 levels left

rFire    . . .     SeeInvis .   a - +0 flail
rCold    . . .     Gourm    .   c - +0 shield
rNeg     + . .     Faith    .   b - +0 scale mail
rPois    ∞         Spirit   .   (no helmet)
rElec    +         Reflect  .   (no cloak)
rCorr    .         Harm     .   (no gloves)
MR       .....                  (no boots)
Stlth    ..........             (no amulet)
HPRegen  0.11/turn              (no ring)
MPRegen  0.09/turn              (no ring)

@: no status effects
A: negative energy resistance 1, electricity resistance, unbreathing,
petrification resistance, rot immunity, AC +4
a: Renounce Religion


You were on level 3 of the Dungeon.
You worshipped Ru.
Ru was noncommittal.
You were hungry.

You visited 1 branch of the dungeon, and saw 3 of its levels.

You collected 107 gold pieces.

Inventory:

Hand Weapons
 a - a +0 flail (weapon)
Armour
 b - a +0 scale mail (worn)
 c - a +0 shield (worn)
 h - a +0 helmet of intelligence
Jewellery
 l - an uncursed amulet of faith {unknown}
Wands
 o - a wand of scattershot (3)
Scrolls
 e - 4 scrolls of identify {unknown}
 j - a scroll of immolation {unknown}
 m - a scroll of random uselessness {unknown}
 n - 2 scrolls of teleportation {unknown}
Potions
 d - 3 potions of might
 g - a potion of curing {unknown}
 i - a potion of invisibility {unknown}
 k - 3 potions of brilliance {unknown}
Comestibles
 f - 2 rations


   Skills:
 + Level 4.2 Fighting
 * Level 4.1 Maces & Flails
 - Level 3.2 Armour
 + Level 4.3 Shields


You had 4 spell levels left.
You didn't know any spells.
Your spell library was empty.

Dungeon Overview and Level Annotations

Branches:
Dungeon (3/15)

Altars:
Ashenzari
Makhleb
Ru

Annotations:
D:3 Sigmund


Innate Abilities, Weirdness & Mutations

You are resistant to torment.
Your stone body is resilient. (AC +4)
You are immune to poison.
You resist negative energy. (rN+)
You are resistant to electric shocks. (rElec)
You can survive without breathing.
You are immune to petrification.
You are immune to rotting.


Message History

You completely miss the orc.
The orc priest looks encouraged for a moment.
You block the orc's attack.
You sock the orc!
You kill the orc!
You sock the orc!
You kill the orc!
You sock the orc priest!
The orc priest is almost dead.
The orc priest mumbles some strange prayers to Beogh against you.
Beogh smites you!
* * * LOW HITPOINT WARNING * * *
You hit the orc priest.
You kill the orc priest!
Your Maces & Flails skill increases to level 4!
You barely miss the kobold. The kobold hits you but does no damage.
You block the kobold's attack.
Your shield and scale mail prevent you from hitting the kobold.
The kobold hits you with a +0 rapier.
You die...

. #...............# .#
#...............# ..
#.####...............#
..#
.....................#
...
...###...............#
..##
....###.............##
#...##.....#.....##
#.o###.####..###
#.orK@.# ##..#
......r##### ##.#
...#... ... . ...##
.... ..o## ...> .. .


You could see 2 orcs, a kobold and 2 rats.

Vanquished Creatures
  An orc priest (D:3)
  Jessica (D:2)
  A worker ant (D:2)
  3 adders
  2 oozes (D:1)
  3 dart slugs
  2 orcs (D:3)
  3 bats
  3 giant cockroaches
  5 hobgoblins
  3 kobolds (D:1)
  A quokka (D:2)
  2 frilled lizards (D:1)
  9 goblins
  10 rats
49 creatures vanquished.

Notes
Turn   | Place    | Note
-------+----------+-------------------------------------------
     0 | D:1      | Mrkan the Gargoyle Fighter began the quest for the Orb.
     0 | D:1      | Reached XP level 1. HP: 14/14 MP: 1/1
    85 | D:1      | Reached XP level 2. HP: 17/19 MP: 2/2
   332 | D:1      | Reached XP level 3. HP: 21/23 MP: 3/3
   934 | D:2      | You fall through a shaft!
   946 | D:3      | Noticed Sigmund
  1074 | D:2      | Found a sacrificial altar of Ru.
  1088 | D:2      | Became a worshipper of Ru the Awakened
  1124 | D:2      | Found a burning altar of Makhleb.
  1151 | D:2      | Reached XP level 4. HP: 24/29 MP: 4/4
  1590 | D:2      | Found a shattered altar of Ashenzari.
  1679 | D:2      | Noticed Jessica
  1687 | D:2      | Killed Jessica
  1687 | D:2      | Reached XP level 5. HP: 16/33 MP: 5/5
  1952 | D:3      | HP: 1/33 [orc priest/divine providence (10)]
  1955 | D:3      | Slain by a kobold

Skill      XL: |  1  2  3  4  5 |
---------------+----------------+-----
Maces & Flails | 3 4 |  4.1
Shields        | 4 |  4.3
Fighting       | 4 |  4.2
Armour         | |  3.2

Action                   |  1- 3 |  4- 6 || total
-------------------------+-------+-------++-------
Melee: Flail             |   119 |    95 ||   214
  Eat: Chunk             |     1 |     2 ||     3
Armor: Scale mail        |    91 |    61 ||   152
Dodge: Dodged            |    47 |    25 ||    72
Block: Shield            |    89 |    50 ||   139
